 Dungeon Crawl Stone Soup version 0.27.0-1-g7a089689b8 (webtiles) character file.

Game seed: 2794555419420942538

1 Brandom the Conjurer (level 1, -1/14 HPs)
             Began as a Ghoul Conjurer on Aug 8, 2021.
             Slain by a hobgoblin (4 damage)
             ... on level 1 of the Dungeon.
             The game lasted 00:00:31 (60 turns).

Brandom the Conjurer (Ghoul Conjurer)                 Turns: 60, Time: 00:00:31

Health: -1/14      AC:  2    Str: 10    XL:     1   Next: 20%
Magic:  2/2        EV: 11    Int: 13    God:
Gold:   12         SH:  0    Dex:  7    Spells: 2/3 levels left

rFire    . . .     SeeInvis .   (no weapon)
rCold    + . .     Faith    .   (no shield)
rNeg     + + +     Spirit   .   a - +0 robe
rPois    ∞         Reflect  .   (no helmet)
rElec    .         Harm     .   (no cloak)
rCorr    .         Rampage  .   (no gloves)
Will     .....                  (no boots)
Stlth    ++........             (no amulet)
HPRegen  0.00/turn              (no ring)
MPRegen  0.08/turn              (no ring)

@: inhibited regen
A: claws 1, cold resistance 1, negative energy resistance 3, inhibited
regeneration, torment resistance 2
a: no special abilities


You were on level 1 of the Dungeon.
You visited 1 branch of the dungeon, and saw 1 of its levels.

You collected 12 gold pieces.

Inventory:

Armour
 a - a +0 robe (worn)


   Skills:
 + Level 0.1 Fighting
 + Level 1.8 Dodging
 - Level 2.1 Stealth
 + Level 0.1 Unarmed Combat
 - Level 1.7 Spellcasting
 - Level 3.2 Conjurations


You had 2 spell levels left.
You knew the following spells:

 Your Spells              Type           Power      Damage    Failure   Level
a - Magic Dart            Conj           36%        1d4       7%          1

Your spell library contained the following spells:

 Spells                   Type           Power      Damage    Failure   Level
 Searing Ray              Conj           18%        3d3       11%         2
 Dazzling Flash           Conj/Hex       10%        N/A       38%         3
 Fulminant Prism          Conj/Hex       2%         3d6       80%         4
 Iskenderun's Mystic Bla  Conj/Tloc      5%         2d3       80%         4


Dungeon Overview and Level Annotations

Branches:
Dungeon (1/15)

Altars:


Innate Abilities, Weirdness & Mutations

You thrive by killing the living.
You are immune to poison.
You have sharp fingernails.
Your flesh is cold resistant. (rC+)
You are immune to negative energy. (rN+++)
You do not regenerate when monsters are visible.
You are immune to unholy pain and torment.


Message History

Found a staircase leading out of the dungeon.
The ice dragon roars deafeningly!
The golden dragon roars deafeningly!
The iron dragon roars deafeningly!
The green draconian roars!
The iron dragon roars deafeningly!
The black draconian roars!
Found an escape hatch in the floor.
You open the door.
There is an open door here.
Found 12 gold pieces and a scroll labelled SUTONE MUTHRE.
Found a glowing hand axe.
You now have 12 gold pieces.
A hobgoblin comes into view.
An endoplasm and a hobgoblin come into view.
The hobgoblin shouts!
The endoplasm quivers.
You hear a shout!
The hobgoblin shouts!
A jackal comes into view.
You hear a shout!
You hear an angry hiss.
Found a scroll labelled INTOCS RAILLUCE.
The jackal barks!
You closely miss the hobgoblin. The hobgoblin hits you.
You closely miss the hobgoblin. The hobgoblin hits you. The endoplasm hits you.
The hobgoblin closely misses you.
A hobgoblin comes into view. It is wielding a +0 dagger.
The jackal closely misses you. The jackal bites you.
The jackal barely misses you.
There is an open door here.
You closely miss the jackal. The jackal misses you.
You closely miss the jackal. The jackal barely misses you.
The jackal bites you.
* * * LOW HITPOINT WARNING * * *
You barely miss the jackal.
The jackal bites you but does no damage.
You scratch the jackal. The jackal closely misses you.
You scratch the jackal. The jackal bites you.
* * * LOW HITPOINT WARNING * * *
The jackal bites you but does no damage.
You scratch the jackal.
You kill the jackal!
You barely miss the hobgoblin.
The hobgoblin shouts!
You hear an angry hiss.
The hobgoblin barely misses you.
You scratch the hobgoblin but do no damage.
The hobgoblin hits you.
* * * LOW HITPOINT WARNING * * *
You closely miss the hobgoblin. The hobgoblin misses you.
You scratch the hobgoblin but do no damage.
The hobgoblin hits you.
You die...

#.......#.##
#..........##..
#.............#
##..............
#..?.####...... #########
###........######
#####*#D#≈#^# #Jg........#
#D#D############g#........#
#####.......#*##@###....###
......#####.###...###.###
..#####*#D#.....>.#≈#.#
###≈#d#########...###.#
#d##### #≈#D##+## )# ###
##### ##


You could see an ice dragon, an endoplasm and 2 hobgoblins.

Vanquished Creatures
  A jackal (D:1)
1 creature vanquished.

Notes
Turn   | Place    | Note
-------+----------+-------------------------------------------
     0 | D:1      | Brandom the Ghoul Conjurer began the quest for the Orb.
     0 | D:1      | Reached XP level 1. HP: 14/14 MP: 2/2
     0 | D:1      | Noticed an ice dragon
     1 | D:1      | Noticed a large abomination
     4 | D:1      | Noticed a shadow dragon
     6 | D:1      | Noticed an iron dragon
     7 | D:1      | Noticed a golden dragon
     8 | D:1      | Noticed a green draconian
     9 | D:1      | Noticed an iron dragon
    11 | D:1      | Noticed a shadow dragon
    13 | D:1      | Noticed an orb of fire
    13 | D:1      | Noticed a black draconian
    15 | D:1      | Noticed a shadow dragon
    15 | D:1      | Noticed an orb of fire
    15 | D:1      | Noticed an orb of fire
    17 | D:1      | Noticed a shadow dragon
    19 | D:1      | Noticed an ice dragon
    60 | D:1      | Slain by a hobgoblin

Illustrated notes

Levels and vault maps discovered:
D:1:      shiori_arrival_whats_in_store_for_you, layout_basic,
          minmay_pentomino_w4

Action                   || total
-------------------------++-------
Melee: Unarmed           ||    12
Armor: Robe              ||     2
Dodge: Dodged            ||     8
